 Dungeon Crawl Stone Soup version 0.24-a0-439-g6dd8730de2 (webtiles) character file.

Game seed: 13915154399793882763

45 Ijustatesigmund the Skirmisher (level 3, 0/40 HPs)
             Began as an Ogre Hunter on June 17, 2019.
             Slain by a quokka (2 damage)
             ... on level 1 of the Dungeon.
             The game lasted 00:02:22 (1160 turns).

Ijustatesigmund the Skirmisher (Ogre Hunter)        Turns: 1160, Time: 00:02:22

Health: 0/40       AC:  3    Str: 16    XL:     3   Next: 64%
Magic:  3/3        EV: 10    Int: 12    God:
Gold:   70         SH:  0    Dex: 10    Spells: 2/2 levels left

rFire    . . .     SeeInvis .   a - +0 whip
rCold    . . .     Gourm    .   (no shield)
rNeg     . . .     Faith    .   b - +0 robe
rPois    .         Spirit   .   (helmet restricted)
rElec    .         Reflect  .   (no cloak)
rCorr    .         Harm     .   (gloves unavailable)
MR       .....                  (boots unavailable)
Stlth    +.........             (no amulet)
HPRegen  0.13/turn              (no ring)
MPRegen  0.08/turn              (no ring)

@: no status effects
A: large, unfitting armour, tough skin 1
a: no special abilities


You were on level 1 of the Dungeon.
You were not hungry.

You visited 1 branch of the dungeon, and saw 2 of its levels.

You collected 70 gold pieces.

Inventory:

Hand Weapons
 a - a +0 whip (weapon)
Missiles
 c - a large rock (quivered)
 d - 2 throwing nets
Armour
 b - a +0 robe (worn)
Jewellery
 g - an uncursed ring of ice
Comestibles
 f - 3 rations


   Skills:
 + Level 4.4 Fighting
 * Level 1.5 Maces & Flails
 - Level 4.0 Throwing
 - Level 1.7 Dodging
 - Level 0.6 Stealth


You had 2 spell levels left.
You didn't know any spells.
Your spell library was empty.

Dungeon Overview and Level Annotations

Branches:
Dungeon (2/15)

Altars:
Okawaru


Innate Abilities, Weirdness & Mutations

You are too large for most types of armour.
You have tough skin. (AC +1)


Message History

The quokka bites you.
* * * LOW HITPOINT WARNING * * *
The gnoll hits you.
* * * LOW HITPOINT WARNING * * *
The quokka bites you.
* * * LOW HITPOINT WARNING * * *
The hobgoblin hits you with a +0 club.
* * * LOW HITPOINT WARNING * * *
Throwing (i - inventory. (/) - cycle)
c - 2 large rocks (quivered)
Press: ? - help, Shift-Dir - straight line, f/p - gnoll
Aim: a gnoll (lightly wounded)
You throw a large rock. The large rock hits the gnoll!
You kill the gnoll!
The quokka barely misses you. The hobgoblin closely misses you.
The quokka completely misses you.
You see here 2 large rocks.
You hit the quokka.
The quokka is lightly wounded.
The quokka closely misses you. The quokka bites you.
You die...

....# #................. .##.#
#.##..>....#.##.## ....#
#(###.....#...#... .#..# #.#
##...#.....### .#..# #.#
######...## .#..# #.# ##.##
....######### #.# #.#
##..........# #.# #.#
#..#######.# #@# ##+## #..#
#.####r# ##...## #..#####
#.##.÷g## ##.....## #..(...#
#.##.##.## ##.......##
##...##.###.##.#...####.........#
.....))...)...[.......'.........+
##...##.######.#...####.........#
##.###.# #.................##
###...# #......###.#.....##


You could see a quokka and a hobgoblin.

Vanquished Creatures
  2 gnolls (D:1)
  4 bats
  5 goblins (D:1)
  A hobgoblin (D:1)
  A quokka (D:2)
  3 frilled lizards
  7 kobolds
  A rat (D:1)
24 creatures vanquished.

Notes
Turn   | Place    | Note
-------+----------+-------------------------------------------
     0 | D:1      | Ijustatesigmund the Ogre Hunter began the quest for the
                  | Orb.
     0 | D:1      | Reached XP level 1. HP: 22/22 MP: 1/1
   190 | D:1      | Reached XP level 2. HP: 27/31 MP: 2/2
   944 | D:2      | Found an iron altar of Okawaru.
   959 | D:2      | Reached XP level 3. HP: 33/39 MP: 3/3
   982 | D:1      | Reached skill level 1 in Maces & Flails
  1157 | D:1      | HP: 2/40 [quokka (5)]
  1160 | D:1      | Slain by a quokka

Levels and vault maps discovered:
D:1:      sevenhm_arrival_forest_fort_small_4, layout_loops_corners,
          solitary_fountain
D:2:      wad_woods_stonehenge, layout_rooms, okawaru_metal_pillars_1_2,
          xom_teletrap_fun, first_ration, nicolae_ashenzari_panopticon

Skill      XL: |  1  2  3 |
---------------+----------+-----
Fighting       | 3 4 |  4.4
Maces & Flails | 1 |  1.5
Throwing       | |  4.0
Dodging        | |  1.7
Stealth        | |  0.6

Action                   || total
-------------------------++-------
Melee: Short sword       ||    36
       Whip              ||    39
Throw: Large rock        ||     4
  Use: Scroll            ||     3
       Potion            ||     1
 Stab: Sleeping          ||     1
  Eat: Chunk             ||     1
Armor: Robe              ||    19
Dodge: Dodged            ||    65

Table legend:
 A = Non-vault XP
 B = Vault XP
 C = Vault XP percentage of total XP
 D = Non-vault monster count
 E = Vault monster count
 F = Vault count percentage of total count
                 A         B        C        D         E       F
            +---------+---------+-------+---------+---------+-------
      Total |      33 |      32 |  49.2 |      20 |       4 |  16.7
            +---------+---------+-------+---------+---------+-------
        D:1 |      30 |      29 |  49.2 |      18 |       2 |  10.0
        D:2 |       3 |       3 |  50.0 |       2 |       2 |  50.0
            +---------+---------+-------+---------+---------+-------
